 Zot Defence DCSS version 0.15.2 (webtiles) character file.

45046 hexophile the Warrior (level 13, -1/124 (125) HPs)
             Began as a Demonspawn Fighter on Mar 29, 2016.
             Was an Initiate of Makhleb.
             Succumbed to a death drake's dark miasma
             ... in the Realm of Zot (Scenario I: Hall of Zot).
             The game lasted 00:04:47 (12728 turns).

hexophile the Warrior (Demonspawn Fighter)         Turns: 12728, Time: 00:04:47

HP  -1/124 (125) AC 10     Str 18      XL: 13   Next: 99%
MP  13/13        EV  9     Int  7 (13) God: Makhleb [......]
Gold 0           SH  0     Dex 13      Spells:  0 memorised, 12 levels left

rFire  . . .     SeeInvis .     e - +0 battleaxe (freeze)
rCold  . . .     Clarity  .     b - +0 scale mail
rNeg   . . .     rCorr    .     (no shield)
rPois  .         rRot     .     (no helmet)
rElec  .         Spirit   .     (no cloak)
SustAb .         Warding  .     (no gloves)
rMut   .         Stasis   .     (no boots)
Gourm  .                        (no amulet)
MR     .....                    (no ring)
                                (no ring)

@: lethally poisoned, not resistant to hostile enchantments, extremely
unstealthy
A: rugged brown scales 3, powered by death 1
a: Make oklob sapling, Make arrow trap, Make plant, Remove Curse, Make burning
bush, Make altar, Make grenades, Make oklob plant, Make net trap, Make ice
statue, Make spear trap, Make alarm trap, Make mushroom circle, Make bolt trap,
Renounce Religion


You were in the Realm of Zot.
You worshipped Makhleb.
Makhleb was noncommittal.
You were not hungry.

You visited 1 branch


Innate Abilities, Weirdness & Mutations

You are completely covered in rugged brown scales (AC +3, +7% HP).
You can steal the life force of nearby defeated enemies.

Inventory:

Hand weapons
 e - a +0 battleaxe of freezing (weapon)
Armour
 b - a +0 scale mail (worn)
Comestibles
 f - a bread ration
Potions
 d - 3 potions of curing
 g - a potion of heal wounds
 i - 2 potions of magic


You had 12 spell levels left.
You didn't know any spells.


   Skills:
 + Level 15.8 Fighting
 + Level 14.5 Axes
 - Level 6.3 Armour
   Level 6.3 Shields

Dungeon Overview and Level Annotations

Branches:
    Zot (1/1)

Altars:
Makhleb

Vault maps used:
Zot:      zotvault
You       could see a quicksilver dragon and 2 flying skulls.


Message History

You feel very sick.
The death drake changes into a salamander!
You hit the salamander. You freeze the salamander.
The salamander is severely wounded.
* * * LOW HITPOINT WARNING * * *
You feel very sick.
You barely miss the salamander.
The salamander is severely wounded.
* * * LOW HITPOINT WARNING * * *
You feel very sick.
You barely miss the salamander.
The salamander is severely wounded.
* * * LOW HITPOINT WARNING * * *
You feel very sick.
You slash the salamander! You freeze the salamander.
You kill the salamander!
Makhleb accepts your kill.
* * * LOW HITPOINT WARNING * * *
You feel very sick.
A quicksilver dragon comes into view.
You miss the flying skull.
* * * LOW HITPOINT WARNING * * *
You feel very sick.
You closely miss the flying skull.
* * * LOW HITPOINT WARNING * * *
You feel sick.
You hit the flying skull but do no damage.
You feel yourself speed up.
* * * LOW HITPOINT WARNING * * *
You feel very sick.
You hit the flying skull. You freeze the flying skull.
The flying skull is moderately damaged.
* * * LOW HITPOINT WARNING * * *
You feel sick.
You hit the flying skull.
The flying skull is moderately damaged.
* * * LOW HITPOINT WARNING * * *
You feel sick.
You completely miss the flying skull.
The flying skull is moderately damaged.
* * * LOW HITPOINT WARNING * * *
You feel sick.
You slice the flying skull!! You freeze the flying skull.
You destroy the flying skull!
Makhleb accepts your kill.
* * * LOW HITPOINT WARNING * * *
You feel sick.
You miss the flying skull.
The flying skull is moderately damaged.
You die...

Action                   |  1- 3 |  4- 6 |  7- 9 | 10-12 | 13-15 || total
-------------------------+-------+-------+-------+-------+-------++-------
Melee: War axe           |    22 |       |       |       |       ||    22
       Battleaxe         |       |       |     8 |   219 |   162 ||   389
 Abil: Make altar        |       |       |     1 |       |       ||     1
       Make grenades     |       |       |       |     3 |     3 ||     6
       Make burning bush |       |       |       |     1 |       ||     1
  Use: Potion            |     3 |       |       |       |       ||     3
       Scroll            |       |       |       |       |     1 ||     1

Notes
Turn   | Place    | Note
--------------------------------------------------------------
     0 | Zot      | hexophile, the Demonspawn Fighter, began the quest for the Orb.
     0 | Zot      | Reached XP level 1. HP: 18/18 MP: 1/1
 10960 | Zot      | Noticed a frost giant
 10994 | Zot      | Killed a frost giant
 10994 | Zot      | Reached skill level 7 in Fighting
 10994 | Zot      | Reached skill level 5 in Axes
 10994 | Zot      | Reached skill level 6 in Armour
 10994 | Zot      | Reached skill level 6 in Shields
 10994 | Zot      | Gained mutation: You are partially covered in rugged brown scales (AC +1, +3% HP). [demonic ancestry]
 10994 | Zot      | Reached XP level 2. HP: 18/31 MP: 2/2
 10994 | Zot      | Reached XP level 3. HP: 21/37 MP: 3/3
 10994 | Zot      | Reached XP level 4. HP: 24/44 MP: 4/4
 10994 | Zot      | Gained mutation: You can steal the life force of nearby defeated enemies. [demonic ancestry]
 10994 | Zot      | Reached XP level 5. HP: 26/49 MP: 5/5
 10994 | Zot      | Reached XP level 6. HP: 29/56 MP: 6/6
 10994 | Zot      | Reached XP level 7. HP: 31/61 MP: 7/7
 10994 | Zot      | Reached XP level 8. HP: 35/69 MP: 8/8
 10994 | Zot      | Reached XP level 9. HP: 37/74 MP: 9/9
 11173 | Zot      | Became a worshipper of Makhleb the Destroyer
 11184 | Zot      | Noticed a yaktaur captain
 11184 | Zot      | Noticed a deep elf high priest
 11186 | Zot      | Noticed an orange demon
 11204 | Zot      | Killed a deep elf high priest
 11204 | Zot      | Reached skill level 8 in Fighting
 11204 | Zot      | Reached skill level 7 in Axes
 11204 | Zot      | Gained mutation: You are mostly covered in rugged brown scales (AC +2, +5% HP). [demonic ancestry]
 11204 | Zot      | Reached XP level 10. HP: 40/86 MP: 10/10
 11218 | Zot      | Killed a yaktaur captain
 11218 | Zot      | Reached skill level 9 in Fighting
 11218 | Zot      | Reached skill level 8 in Axes
 11254 | Zot      | Noticed a shadow dragon
 11321 | Zot      | Killed a shadow dragon
 11321 | Zot      | Reached skill level 10 in Fighting
 11321 | Zot      | Reached skill level 9 in Axes
 11321 | Zot      | Reached XP level 11. HP: 92/96 MP: 11/11
 11362 | Zot      | Noticed an eidolon
 11433 | Zot      | Killed an eidolon
 11433 | Zot      | Reached skill level 11 in Fighting
 11433 | Zot      | Reached skill level 10 in Axes
 11454 | Zot      | Noticed a blizzard demon
 11476 | Zot      | Killed a blizzard demon
 11884 | Zot      | Noticed a war gargoyle
 11906 | Zot      | Killed a war gargoyle
 11906 | Zot      | Reached skill level 12 in Fighting
 11967 | Zot      | Noticed a fire giant
 11991 | Zot      | Killed a fire giant
 11991 | Zot      | Reached skill level 11 in Axes
 12196 | Zot      | Noticed a war gargoyle
 12222 | Zot      | Killed a war gargoyle
 12222 | Zot      | Reached XP level 12. HP: 106/108 MP: 12/12
 12297 | Zot      | Reached skill level 13 in Fighting
 12302 | Zot      | Noticed Boris
 12367 | Zot      | Killed Boris
 12367 | Zot      | Reached skill level 14 in Fighting
 12367 | Zot      | Reached skill level 13 in Axes
 12493 | Zot      | Noticed an ettin
 12495 | Zot      | Noticed a shadow dragon
 12511 | Zot      | Gained mutation: You are completely covered in rugged brown scales (AC +3, +7% HP). [demonic ancestry]
 12511 | Zot      | Reached XP level 13. HP: 112/120 MP: 13/13
 12516 | Zot      | Killed an ettin
 12550 | Zot      | Killed a shadow dragon
 12593 | Zot      | Noticed a shadow dragon
 12619 | Zot      | Noticed a frost giant
 12621 | Zot      | Reached skill level 15 in Fighting
 12650 | Zot      | Killed a shadow dragon
 12650 | Zot      | Reached skill level 14 in Axes
 12653 | Zot      | Noticed a shadow dragon
 12669 | Zot      | Killed a frost giant
 12704 | Zot      | Killed a shadow dragon
 12721 | Zot      | Noticed a quicksilver dragon
 12722 | Zot      | HP: 6/124 [poisoned by a death drake (dark miasma)]
 12725 | Zot      | HP: 2/124 [poisoned by a death drake (dark miasma)]
 12728 | Zot      | Succumbed to a death drake's dark miasma

Table legend:
 A = Turns spent in this place as a percentage of turns spent in the entire game.
 B = Non-inter-level travel turns spent in this place as a percentage of non-inter-level travel turns spent in the entire game.
 C = Inter-level travel turns spent in this place as a percentage of turns spent in this place.
 D = Turns resting spent in this place as a percentage of non-inter-level travel turns spent in this place.
 E = Turns spent auto-exploring this place as a percentage of non-inter-level travel turns spent in this place.
 F = Non-inter-level travel turns spent in this place divided by the number of levels of this place that you've seen.
                   A       B       C       D       E      F
               +-------+-------+-------+-------+-------+----------------------
         Total | 100.0 | 100.0 |   0.1 |  17.0 |   0.0 | 964.0
           Zot | 100.0 | 100.0 |   0.1 |  17.0 |   0.0 | 964.0
               +-------+-------+-------+-------+-------+----------------------

Table legend:
 A = Kills in this place as a percentage of kills in entire the game.
 B = Kills by you in this place as a percentage of kills by you in the entire game.
 C = Kills by friends in this place as a percentage of kills by friends in the entire game.
 D = Other kills in this place as a percentage of other kills in the entire game.
 E = Experience gained in this place as a percentage of experience gained in the entire game.
 F = Experience gained in this place divided by the number of levels of this place that you have seen.
                   A       B       C       D       E      F
               +-------+-------+-------+-------+-------+----------------------
         Total | 100.0 | 100.0 | 100.0 |  -nan | 100.0 | 64352.0
           Zot | 100.0 | 100.0 | 100.0 |  -nan | 100.0 | 64352.0
               +-------+-------+-------+-------+-------+----------------------

Vanquished Creatures
  Boris (Zot)
  4 shadow dragons (Zot)
  2 frost giants (Zot)
  2 war gargoyles (Zot)
  An ettin (Zot)
  An eidolon (Zot)
  A deep elf high priest (Zot)
  A yaktaur captain (Zot)
  A deep troll (Zot)
  A lindwurm (shapeshifter) (Zot)
  3 phantasmal warriors (Zot)
  A salamander (shapeshifter) (Zot)
  A toenail golem (Zot)
  A flying skull (Zot)
21 creatures vanquished.

Vanquished Creatures (collateral kills)
  A fire giant (Zot)
  A blizzard demon (Zot)
  2 deep troll earth magi (Zot)
  A deep troll shaman (Zot)
  A deep troll (Zot)
  9 giant spores (Zot)
15 creatures vanquished.

Vanquished Creatures (others)
  A burning bush (Zot)
  3 giant spores (Zot)
4 creatures vanquished.

Grand Total: 40 creatures vanquished
